AoeStats
← Miss_Mulberry

Yucatan

510355218Analyzed
4v4 RM · 15h ago on Sep 30, 2026· 60m 5s· 8 players
Game mode
Random Map
Map size
Large (8 player)
Population
200
Speed
Normal
Resources
Standard
Victory
Conquest
Starting age
Dark Age
Ending age
Imperial Age
RankedLock teamsTeams togetherTeam positionsShared explorationLock speedFull tech treeHidden civsTurbo modeCheats
Victory
Defeat
🇬🇷 Franks · Greece
1108
+18
🇨🇿 Cumans · Czechia
1089
+19
🇧🇪 Italians · Belgium
1080
+19
🇩🇰 Mongols · Denmark
1073
+19
🇩🇪 Vietnamese · Germany
1232
-23
🇩🇪 Huns · Germany
1162
-19
🇩🇪 Britons · Germany
1104
-17
🇩🇪 Mongols · Germany
1079
-16
fotolithos
4:23 Loom
10:58 Feudal Age
11:55 Double-Bit Axe
18:47 Castle Age
25:54 Wheelbarrow
26:49 Elite Skirmisher
32:09 Hand Cart
32:08 Stone Mining
41:33 Imperial Age
39:25 Squires
39:11 Arson
39:44 Pikeman
42:17 Padded Archer Armor
42:10 Fletching
42:31 Forging
42:21 Scale Mail Armor
42:09 Halberdier
45:14 Cavalier
45:55 Gold Mining
47:33 Husbandry
48:38 Scale Barding Armor
49:10 Iron Casting
50:19 Chain Barding Armor
50:10 Paladin
51:59 Blast Furnace
53:48 Chain Mail Armor
55:14 Plate Barding Armor
vandut92
2:23 Loom
2:44 Loom
3:12 Loom
3:38 Loom
5:58 Loom
8:51 Loom
11:27 Feudal Age
13:26 Wheelbarrow
16:11 Castle Age
15:27 Stone Mining
15:26 Double-Bit Axe
17:41 Hand Cart
19:34 Forging
19:29 Gold Mining
21:03 Horse Collar
21:50 Heavy Plow
24:43 Bow Saw
29:53 Imperial Age
28:08 Town Watch
28:45 Fletching
28:55 Padded Archer Armor
29:18 Ballistics
28:55 Murder Holes
29:21 Bodkin Arrow
31:19 Conscription
30:44 Elite Genoese Crossbowman
31:20 Elite Genoese Crossbowman
33:33 Stone Shaft Mining
37:16 Chemistry
36:27 Masonry
35:58 Treadmill Crane
43:14 Hoardings
45:28 Bracer
45:44 Leather Archer Armor
48:09 Husbandry
48:20 Bloodlines
49:11 Pirotechnia
Northlander
2:12 Loom
10:22 Feudal Age
11:00 Double-Bit Axe
16:22 Castle Age
17:27 Fletching
22:59 Padded Archer Armor
25:20 Town Watch
30:29 Horse Collar
31:52 Bodkin Arrow
32:13 Leather Archer Armor
33:53 Bloodlines
36:23 Ballistics
37:05 Wheelbarrow
36:47 Husbandry
38:13 Town Patrol
42:53 Imperial Age
44:59 Chemistry
44:24 Drill
45:02 Bracer
45:27 Hand Cart
46:17 Elite Skirmisher
49:30 Parthian Tactics
50:00 Thumb Ring
51:51 Elite Mangudai
53:28 Heavy Plow
55:14 Pikeman
59:03 Bow Saw
59:19 Capped Ram
moregadženo
10:27 Loom
12:53 Feudal Age
13:25 Double-Bit Axe
22:16 Castle Age
24:36 Bow Saw
25:20 Fletching
26:09 Padded Archer Armor
27:35 Bodkin Arrow
29:31 Wheelbarrow
30:30 Horse Collar
31:44 Gold Mining
31:45 Stone Mining
33:08 Ballistics
33:49 Gold Shaft Mining
36:27 Imperial Age
34:20 Forging
34:19 Town Watch
35:55 Hand Cart
35:46 Heavy Plow
35:59 Scale Barding Armor
36:34 Bloodlines
37:45 Leather Archer Armor
38:37 Conscription
40:48 Chemistry
40:20 Ring Archer Armor
41:21 Two-Man Saw
40:23 Town Patrol
43:31 Elite Skirmisher
47:19 Elite Kipchak
48:20 Conscription
48:04 Steppe Husbandry
48:10 Steppe Husbandry
51:42 Thumb Ring
52:03 Elite Steppe Lancer
54:48 Iron Casting
54:34 Chain Barding Armor
59:39 Blast Furnace
60:22 Plate Barding Armor
Lady_Sunflower
10:08 Feudal Age
15:07 Castle Age
14:07 Loom
14:39 Padded Archer Armor
14:30 Fletching
14:22 Horse Collar
16:34 Leather Archer Armor
17:54 Gold Mining
18:33 Double-Bit Axe
23:03 Bow Saw
23:25 Ballistics
23:47 Bodkin Arrow
24:45 Wheelbarrow
27:28 Hand Cart
28:27 Stone Mining
31:46 Heavy Plow
33:24 Husbandry
33:35 Bloodlines
39:05 Imperial Age
40:20 Conscription
40:39 Thumb Ring
41:50 Hoardings
40:39 Elite Skirmisher
44:53 Chemistry
47:38 Imperial Skirmisher
53:50 Bracer
doneflamingo
6:31 Loom
10:10 Feudal Age
10:46 Double-Bit Axe
14:07 Wheelbarrow
17:16 Castle Age
16:02 Forging
16:46 Scale Barding Armor
17:29 Bloodlines
26:17 Husbandry
26:57 Horse Collar
28:07 Bow Saw
29:08 Hand Cart
30:37 Iron Casting
31:15 Chain Barding Armor
31:41 Heavy Plow
36:50 Imperial Age
34:36 Marauders
34:42 Town Watch
37:25 Masonry
38:11 Conscription
37:15 Cavalier
39:40 Chemistry
39:22 Plate Barding Armor
38:41 Paladin
40:07 Town Patrol
41:58 Gold Mining
42:01 Stone Mining
44:44 Caravan
50:10 Blast Furnace
49:10 Padded Archer Armor
49:01 Fletching
50:10 Elite Tarkan
50:35 Elite Skirmisher
51:34 Imperial Skirmisher
56:21 Thumb Ring
56:33 Leather Archer Armor
56:13 Bodkin Arrow
57:27 Ballistics
60:23 Two-Man Saw
astig_aoe
5:18 Loom
10:09 Feudal Age
11:43 Double-Bit Axe
15:49 Fletching
23:08 Castle Age
21:18 Horse Collar
21:50 Padded Archer Armor
23:22 Crossbowman
23:58 Bodkin Arrow
24:47 Heavy Plow
25:00 Bow Saw
28:01 Leather Archer Armor
30:24 Scale Barding Armor
30:29 Forging
32:15 Bloodlines
32:27 Chain Barding Armor
33:35 Ballistics
38:24 Iron Casting
43:04 Imperial Age
40:58 Elite Skirmisher
43:09 Imperial Skirmisher
53:42 Chemistry
52:42 Gold Mining
Miss_Mulberry
7:30 Loom
11:28 Feudal Age
18:28 Castle Age
20:31 Crossbowman
21:22 Fletching
22:06 Bodkin Arrow
25:01 Double-Bit Axe
27:22 Bow Saw
26:55 Horse Collar
27:59 Wheelbarrow
28:24 Gold Mining
32:05 Hand Cart
34:35 Padded Archer Armor
34:59 Ballistics
42:32 Imperial Age
44:29 Bracer
48:55 Yeomen
48:00 Arbalester
48:30 Town Watch
Connection lost

Rejoining the realm…

Still unreachable

The connection could not be restored.

Session expired

The server has moved on; the page needs a fresh start.